 Dungeon Crawl Stone Soup version 0.25-a0-316-gd28d56f9c5 (webtiles) character file.

Game seed: 7391953742786511676, levelgen mode: classic

10448 Borgoz the Cleaver (level 11, -1/64 HPs)
             Began as a Gargoyle Berserker on Dec 24, 2019.
             Was an Elder of Trog.
             Slain by an unseen horror (8 damage)
             ... on level 11 of the Dungeon.
             The game lasted 00:17:27 (12165 turns).

Borgoz the Cleaver (Gargoyle Berserker)            Turns: 12165, Time: 00:17:28

Health: -1/64      AC: 23    Str: 21    XL:     11   Next: 62%
Magic:  11/11      EV: 16    Int:  8    God:    Trog [****..]
Gold:   474        SH:  0    Dex: 12    Spells: 10/10 levels left

rFire    . . .     SeeInvis .   a - +0 hand axe
rCold    . . .     Gourm    +   (no shield)
rNeg     + . .     Faith    .   y - +3 ring mail
rPois    ∞         Spirit   .   l - +1 helmet
rElec    +         Reflect  .   z - scarf {repulsion}
rCorr    .         Harm     .   (no gloves)
MR       ++...                  q - +2 pair of boots
Stlth    +.........             p - amulet of the gourmand
HPRegen  1.20/turn              (no ring)
MPRegen  0.12/turn              (no ring)

@: regenerating, repel missiles
A: negative energy resistance 1, electricity resistance, unbreathing,
petrification resistance, rot immunity, AC +8
a: Berserk, Trog's Hand, Brothers in Arms, Renounce Religion


You were on level 11 of the Dungeon.
You worshipped Trog.
Trog was greatly pleased with you.
You were not hungry.

You visited 1 branch of the dungeon, and saw 11 of its levels.
You also visited: Ossuary.

You collected 474 gold pieces.

Inventory:

Hand Weapons
 a - a +0 hand axe (weapon)
 b - a +7 executioner's axe
Missiles
 C - 3 throwing nets (quivered)
Armour
 l - a +1 helmet (worn)
 q - a +2 pair of boots (worn)
 y - a +3 ring mail (worn)
 z - a scarf of repulsion (worn)
Jewellery
 m - an uncursed ring of ice
 p - an amulet of the gourmand (around neck)
Wands
 j - a wand of random effects (14)
 t - a wand of acid (10)
 u - a wand of flame (27)
 B - a wand of iceblast (9)
Scrolls
 e - 5 scrolls of teleportation
 v - a scroll of remove curse
 w - a scroll of fear
 x - 2 scrolls of blinking
 A - 4 scrolls of fog
 D - a scroll of enchant weapon {unknown}
 E - a scroll of magic mapping
Potions
 d - 2 potions of resistance
 f - a potion of brilliance
 g - a potion of ambrosia
 h - 2 potions of mutation {unknown}
 i - 3 potions of flight {unknown}
 k - 3 potions of magic
 n - 3 potions of might {unknown}
 o - a potion of agility {unknown}
 r - 5 potions of curing
 s - a potion of heal wounds
Comestibles
 c - 10 rations


   Skills:
 + Level 5.3 Fighting
 * Level 10.6 Axes
 + Level 8.9 Armour
 * Level 9.6 Dodging


You had 10 spell levels left.
You didn't know any spells.
Your spell library was empty.

Dungeon Overview and Level Annotations

Branches:
Dungeon (11/15)            Temple (0/1) D:7         Ossuary (visited)
   Lair: D:8-11         Orc: D:9-12

Altars:
Ashenzari
Dithmenos
Qazlal
Ru
Sif Muna
Yredelemnul
Zin

Shops:
D:4 =   D:8 =


Innate Abilities, Weirdness & Mutations

You are resistant to torment.
Your stone body is resilient. (AC +8)
You are immune to poison.
You resist negative energy. (rN+)
You are resistant to electric shocks. (rElec)
You can survive without breathing.
You are immune to petrification.
You are immune to rotting.


Message History

The bullfrog hits you but does no damage.
You miss something. You barely miss the bullfrog. Something barely misses you.
The bullfrog hits you but does no damage.
Something hits you but does no damage.
You closely miss something. You barely miss the bullfrog.
The bullfrog closely misses you. Something hits you.
You barely miss something. You barely miss the bullfrog. Something hits you.
* * * LOW HITPOINT WARNING * * *
Something hits you but does no damage. The bullfrog barely misses you.
The bullfrog closely misses you.
You closely miss something. You miss the bullfrog. Something hits you.
* * * LOW HITPOINT WARNING * * *
The bullfrog hits you but does no damage.
You miss the bullfrog. Something hits you.
* * * LOW HITPOINT WARNING * * *
The bullfrog hits you but does no damage.
You barely miss something. You closely miss the bullfrog. Something hits you.
* * * LOW HITPOINT WARNING * * *
Something hits you!
You die...

#.PP.P ..P..
............P.P.####.PP..
#...........P.FPPP.PP....
#.............PP....P....
#................P.P..)..
#...........#...P.....P..
##...........#..P....P....
#...........F##+#.†#......
#............@....)).$....
#..<...########...######..
#......'......#(..#
#......#......+...#
#....###(.....#...#
......#......###...#
.#+###.+...>..#.....#
#.#...#'##)....#
.#####...)....#


You could see a bullfrog.

Vanquished Creatures
  Erolcha (D:10)
  Harold (D:10)
  Erica (D:11)
  2 two-headed ogres (D:9)
  Maurice (D:10)
  A harpy zombie (D:10)
  Prince Ribbit (D:5)
  2 trolls (D:9)
  A hippogriff (D:9)
  A wyvern (D:10)
  5 yaks
  Menkaure (D:6)
  A water moccasin (D:6)
  A porcupine (D:11)
  3 ice beasts
  2 orc warriors
  A necrophage (D:7)
  10 ogres
  A sky beast (D:5)
  2 phantoms
  4 centaurs
  A crocodile (D:10)
  A big kobold (D:7)
  5 elf zombies (Ossuary)
  3 bullfrogs
  A wyvern skeleton (D:10)
  2 scorpions
  9 killer bees
  2 centaur zombies (Ossuary)
  3 crimson imps
  Crazy Yiuf (D:7)
  5 hounds
  2 bullfrog zombies
  5 orc wizards
  3 orc priests
  2 human zombies (Ossuary)
  6 iguanas
  Natasha (thrice) (D:4)
  5 worker ants
  A killer bee zombie (D:5)
  A big kobold zombie (Ossuary)
  A hound skeleton (D:3)
  2 mummies (Ossuary)
  A howler monkey zombie (D:10)
  3 worker ant zombies
  10 adders
  3 gnolls (D:4)
  2 worms
  A dart slug (D:3)
  6 leopard geckos
  29 orcs
  3 ball pythons
  7 bats
  4 giant cockroaches
  8 goblins
  3 hobgoblins
  6 jackals
  4 quokkas
  11 frilled lizards
  A goblin zombie (D:8)
  9 hobgoblin zombies (Ossuary)
  3 jackal zombies (Ossuary)
  7 kobolds
  7 kobold zombies (Ossuary)
  8 orc zombies (Ossuary)
  15 rats
  A rat zombie (D:8)
259 creatures vanquished.

Vanquished Creatures (others)
  A fungus (D:11)
1 creature vanquished.

Grand Total: 260 creatures vanquished

Notes
Turn   | Place    | Note
-------+----------+-------------------------------------------
     0 | D:1      | Borgoz the Gargoyle Berserker began the quest for the Orb.
     0 | D:1      | Reached XP level 1. HP: 14/14 MP: 1/1
   266 | D:1      | Reached XP level 2. HP: 19/19 MP: 2/2
   297 | D:1      | Reached skill level 3 in Axes
   852 | D:1      | Reached ** piety under Trog
  1001 | D:1      | Reached XP level 3. HP: 21/23 MP: 3/3
  2127 | D:2      | Reached XP level 4. HP: 26/28 MP: 4/4
  2330 | D:2      | Found a shimmering blue altar of Sif Muna.
  2413 | D:3      | Noticed a phantom
  2499 | D:3      | Killed a phantom
  2499 | D:3      | Reached skill level 4 in Axes
  2499 | D:3      | Reached XP level 5. HP: 19/32 MP: 5/5
  3177 | D:4      | Reached XP level 6. HP: 31/37 MP: 6/6
  3425 | D:4      | Reached *** piety under Trog
  3428 | D:4      | Found a stormy altar of Qazlal.
  3476 | D:4      | Noticed a water elemental
  3476 | D:4      | Noticed a fire elemental
  3476 | D:4      | Noticed an air elemental
  3525 | D:4      | Found a sacrificial altar of Ru.
  3527 | D:4      | Found a basalt altar of Yredelemnul.
  3721 | D:4      | Found Umyijeto's Jewellery Emporium.
  3808 | D:4      | Noticed Natasha
  3838 | D:4      | Killed Natasha
  4067 | D:4      | Reached XP level 7. HP: 5/41 MP: 7/7
  4357 | D:4      | Reached skill level 5 in Axes
  4581 | D:4      | Noticed Natasha
  4587 | D:4      | Killed Natasha
  4834 | D:4      | Noticed Natasha
  4841 | D:4      | Killed Natasha
  4982 | D:5      | Entered Level 5 of the Dungeon
  5041 | D:5      | Reached skill level 5 in Dodging
  5041 | D:5      | Reached XP level 8. HP: 21/46 MP: 8/8
  5247 | D:5      | Found a shadowy altar of Dithmenos.
  5339 | D:4      | Found a shattered altar of Ashenzari.
  5387 | D:5      | Reached skill level 6 in Axes
  5400 | D:5      | Reached skill level 5 in Armour
  6016 | D:5      | Noticed Prince Ribbit
  6052 | D:5      | Killed Prince Ribbit
  6150 | D:6      | Reached skill level 7 in Axes
  6150 | D:6      | Reached XP level 9. HP: 44/51 MP: 9/9
  6551 | D:6      | Reached **** piety under Trog
  6873 | D:6      | Noticed Menkaure
  6880 | D:6      | Killed Menkaure
  7195 | D:7      | Found a staircase to the Ecumenical Temple.
  7274 | D:7      | Found a shadowy altar of Dithmenos.
  7543 | D:7      | Found a runed translucent door.
  7544 | D:7      | Noticed Crazy Yiuf
  7857 | D:7      | Reached skill level 8 in Axes
  8340 | D:7      | Killed Crazy Yiuf
  8575 | D:8      | Found Jybiluse's Jewellery Shoppe.
  8590 | D:8      | Found a sand-covered staircase.
  8606 | Ossuary  | Entered an ossuary
  8749 | Ossuary  | Reached ***** piety under Trog
  8749 | Ossuary  | Received a gift from Trog
  8749 | Ossuary  | Reached XP level 10. HP: 52/56 MP: 10/10
  9668 | D:9      | Reached skill level 9 in Axes
  9703 | D:9      | Noticed a two-headed ogre
  9721 | D:9      | Killed a two-headed ogre
 10777 | D:9      | Noticed a two-headed ogre
 10788 | D:9      | Killed a two-headed ogre
 10788 | D:9      | Reached skill level 10 in Axes
 10788 | D:9      | Reached XP level 11. HP: 35/61 MP: 11/11
 11203 | D:10     | Entered Level 10 of the Dungeon
 11224 | D:10     | Found a glowing silver altar of Zin.
 11345 | D:10     | Noticed Harold
 11377 | D:10     | Killed Harold
 11565 | D:10     | Noticed Erolcha
 11573 | D:10     | Killed Erolcha
 11697 | D:10     | Noticed Maurice
 11833 | D:10     | Killed Maurice
 11833 | D:10     | Reached skill level 5 in Fighting
 12030 | D:11     | Noticed Erica
 12050 | D:11     | Killed Erica
 12115 | D:11     | Received a gift from Trog
 12165 | D:11     | Slain by an unseen horror

Levels and vault maps discovered:
D:1:      dpeg_arrival_brainrot, layout_loops_cross, serial_co_window_serial,
          co_window_paths_b, co_window_corner_a, co_window_paths_a,
          co_window_corner_a, co_window_of_opportunity_a, co_window_paths_a,
          co_window_paths_a, co_window_broadway_c, co_window_2corner,
          co_window_cross_3, co_window_4corner_a, glass_columns_a,
          glass_columns_c, glass_columns_a, glass_columns_b, glass_columns_a,
          minmay_domino_4
D:2:      layout_loops_cross, lemuel_blue_sif_altar, hangedman_feature_mirror,
          minmay_misc_feat_roman, kennysheep_boxes
D:3:      layout_basic, first_ration, st_stairs_10
D:4:      layout_loops_corners, nicolae_qazlal_style_of_elements,
          nicolae_overflow_hidden_temple, serial_shops, shop,
          nrook_loot_triangle, ebering_dispersal_statue_hall, uniq_natasha
D:5:      layout_basic, minmay_misc_feat_five, grunt_dithmenos_smoke,
          uniq_prince_ribbit1
D:6:      layout_loops_ring, uniq_menkaure
D:7:      layout_basic, lemuel_crystal_altar, minmay_temple_entry_crystal_x,
          uniq_crazy_yiuf_cottage
D:8:      layout_basic, serial_shops, nicolae_shop_behind_doors, enter_ossuary_4
D:9:      layout_loops_corners
D:10:     layout_cave_pools, basic_altar, minmay_misc_feat_nine_boxes,
          uniq_maurice, uniq_erolcha, uniq_harold
D:11:     layout_irregular_city, grunt_lair_entry_orc_guard_hut,
          nicolae_elemental_shop, kennysheep_decorative_pillar, uniq_erica

Skill      XL: |  1  2  3  4  5  6  7  8  9 10 11 |
---------------+----------------------------------+-----
Axes           | 3 4 5 7 8 10 | 10.6
Dodging        | 2 3 4 5 6 7 8 9 |  9.6
Armour         | 3 4 5 7 8 |  8.9
Fighting       | 4 5 |  5.3

Action                   |  1- 3 |  4- 6 |  7- 9 | 10-12 || total
-------------------------+-------+-------+-------+-------++-------
Melee: Hand axe          |   155 |   251 |   690 |   583 ||  1679
Invok: Trog's Hand       |       |     3 |     2 |     3 ||     8
       Berserk           |       |     4 |     7 |     7 ||    18
Evoke: Wand              |       |       |       |     5 ||     5
  Use: Scroll            |     6 |     2 |    10 |     4 ||    22
       Potion            |       |       |     1 |     1 ||     2
  Eat: Chunk             |     4 |    10 |    16 |    18 ||    48
       Ration            |       |       |     2 |     1 ||     3
Armor: Animal skin       |    15 |       |       |       ||    15
       Ring mail         |    69 |   115 |   296 |   243 ||   723
       Skin              |       |       |    41 |       ||    41
Dodge: Dodged            |    99 |   179 |   454 |   356 ||  1088
       Deflected         |       |       |       |     2 ||     2

Table legend:
 A = Non-vault XP
 B = Vault XP
 C = Vault XP percentage of total XP
 D = Non-vault monster count
 E = Vault monster count
 F = Vault count percentage of total count
                 A         B        C        D         E       F
            +---------+---------+-------+---------+---------+-------
      Total |    9837 |    5089 |  34.1 |     197 |      62 |  23.9
            +---------+---------+-------+---------+---------+-------
        D:1 |      25 |      11 |  30.6 |      21 |       4 |  16.0
        D:2 |      46 |       2 |   4.2 |      19 |       1 |   5.0
        D:3 |     187 |      29 |  13.4 |      16 |       4 |  20.0
        D:4 |     771 |      36 |   4.5 |      30 |       2 |   6.2
        D:5 |     903 |     286 |  24.1 |      16 |       1 |   5.9
        D:6 |     558 |     157 |  22.0 |      11 |       1 |   8.3
        D:7 |     917 |      45 |   4.7 |      22 |       1 |   4.3
        D:8 |     975 |       2 |   0.2 |      22 |       2 |   8.3
        D:9 |    4319 |       0 |   0.0 |      27 |       0 |   0.0
       D:10 |     910 |    2445 |  72.9 |      11 |       3 |  21.4
       D:11 |     226 |    1329 |  85.5 |       2 |       4 |  66.7
    Ossuary |       0 |     747 | 100.0 |       0 |      39 | 100.0
            +---------+---------+-------+---------+---------+-------
